[Event "*** MasterClass Titled Tuesday Blitz"]
[Site "Chess.com"]
[Date "2017.07.04"]
[Round "4"]
[White "OparinGrigoriy"]
[Black "Zhani-Z"]
[Result "1-0"]
[WhiteElo "2754"]
[BlackElo "2362"]
[TimeControl "180+2"]
[EndTime "13:52:02 PDT"]
[Termination "OparinGrigoriy won by resignation"]

1. e4 c5 2. Nf3 Nc6 3. Nc3 g6 4.
d4 cxd4 5. Nxd4 Bg7 6. Be3 Nf6 7.
Bc4 Qa5 8. O-O O-O 9. Bb3 d6 10. h3 Bd7 11. Re1 Rfc8 12. Qe2 Qa6 13. Qxa6 bxa6 14.
Rad1 Ne5 15. f4 Nc4 16. Bxc4 Rxc4 17. e5 dxe5 18. fxe5 Ne8 19. Bf2 Rb8 20. Nb3 Bf5 21. Re2 Ra8 22. g4 Be6 23. Nc5 Rb8 24. N3a4 Nc7 25. b3 Rcb4 26. c3 R4b5 27. c4 R5b6 28. Nxb6 axb6 29. Nd7 Bxd7 30. Rxd7 Ne6 31. Rxe7 b5 32.
c5 Bf8 33. Rxe6 fxe6 34. c6 Rc8 35. Rc2 Bb4 36. Bb6 Kf7 37. Kf2 Ke7 38. Ke3 a5 39. Ke4 Rf8 40. Bc5+ Bxc5 41. Rxc5 Rb8 42. c7 Rc8 43.
Rxb5 Rxc7 44. Rxa5 g5 45. a4 Rc3 46. Ra7+ Kf8 47. Rb7 Rxh3 48. a5 Rg3 49. a6 1-0

[Event "*** MasterClass Titled Tuesday Blitz"]
[Site "Chess.com"]
[Date "2017.07.04"]
[Round "4"]
[White "JeffReinberg"]
[Black "FairChess_on_YouTube"]
[Result "1/2-1/2"]
[WhiteElo "2524"]
[BlackElo "2695"]
[TimeControl "180+2"]
[EndTime "13:52:04 PDT"]
[Termination "Game drawn by repetition"]

1. e4 c5 2. Nc3 a6 3. d3 b5 4.
g3 Bb7 5. Bg2 g6 6. f4 Bg7 7. Nf3 b4 8. Ne2 Nc6 9. O-O d6 10. h3 Nf6 11. g4 a5 12. Ng3 h5 13. g5 Nd7 14. h4 a4 15. Rb1 Qc7 16. Be3 Nd4 17. Ne2 Nxf3+ 18. Bxf3 a3 19. b3 e6 20. Qd2 Rc8 21. Rbe1 Nb8 22. f5 Be5 23. Bf4 Nc6 24. Bg2 O-O 25. Bxe5 dxe5 26. fxg6 fxg6 27.
Bh3 Qe7 28. Rxf8+ Rxf8 29. Rf1 Rxf1+ 30. Kxf1 Bc8 31. Qe3 Kf7 32. Qf2+ Ke8 33. Ke1 Qf8 34. Qxf8+ Kxf8 35. Kd2 Ke7 36. Bg2 Kd6 37. Bf3 Nd4 38. Bg2 Bd7 39. Ng3 Bc6 40. Nf1 Bb5 41. Ne3 Ba6 42. Bh1 Ke7 43. Bg2 Kd7 44. Bh1 Kd6 45.
Bg2 Nc6 46. Bh1 Ke7 47. Bg2 Nd4 48. Bh1 Nb5 49. Nd1 Bb7 50. Bg2 Bc6 51. Bf3 Nd4 52.
Bg2 Bb5 53. Ne3 Nc6 54. Bh1 Kd6 55. Bg2 Ba6 56. Bh1 Na5 57. Bg2 Ke7 58. Bh1 Nc6 59. Bg2 Nd4 60. Bh1 Bb5 61. Bg2 Ba6 62. Bh1 Bb5 63. Bg2 1/2-1/2

[Event "*** MasterClass Titled Tuesday Blitz"]
[Site "Chess.com"]
[Date "2017.07.04"]
[Round "4"]
[White "LonesomeGeorge1"]
[Black "Schemato"]
[Result "1-0"]
[WhiteElo "2279"]
[BlackElo "2310"]
[TimeControl "180+2"]
[EndTime "13:52:06 PDT"]
[Termination "LonesomeGeorge1 won by resignation"]

1. e4 e6 2. d4 d5 3. Nc3 Nf6 4. Bg5 Bb4 5. Ne2 dxe4 6. a3 Be7 7. Bxf6 Bxf6 8. Nxe4 Be7 9. g3 Bd7 10. Bg2 Bc6 11.
O-O Nd7 12. Qd2 O-O 13. Rad1 a5 14. Nf4 Ra6 15. d5 exd5 16. Nxd5 Nc5 17. Nxe7+ Qxe7 18. Nxc5 Qxc5 19. Rfe1 Bxg2 20. Kxg2 h6 21. Kg1 Rd6 22. Qe2 Rfd8 23. Rxd6 Qxd6 24. Qc4 b6 25.
Re3 Kf8 26. Rc3 c5 27. a4 Qd1+ 28. Kg2 Qd5+ 29. Qxd5 Rxd5 30. Rb3 Rd6 31. Kf3 Ke7 32. Ke4 Kd7 33. Rd3 Rxd3 34. Kxd3 Kd6 35. Kc4 Kc6 36. g4 g6 37. h4 f6 38. f4 g5 39. hxg5 hxg5 40. f5 Kd6 41. Kb5 Ke5 42. Kxb6 Kf4 43. Kxa5 Kxg4 44. Kb5 Kxf5 45. a5 g4 46. a6 g3 47. a7 g2 48. a8=Q g1=Q 49. Qd5+ Kf4 50. Qxc5 Qg5 51. b4 f5 52. Kc4 Kg3 53. Qg1+ Kh4 54.
Qh2+ Kg4 55. Qg2+ Kh5 56. Qxg5+ Kxg5 57. Kd3 Kf4 58. Ke2 Kg3 59. Kf1 Kf4 60. c4 1-0

[Event "*** MasterClass Titled Tuesday Blitz"]
[Site "Chess.com"]
[Date "2017.07.04"]
[Round "4"]
[White "escher"]
[Black "Ez_Chess2016"]
[Result "1-0"]
[WhiteElo "2029"]
[BlackElo "1977"]
[TimeControl "180+2"]
[EndTime "13:52:09 PDT"]
[Termination "escher won by resignation"]

1. e4 c5 2. Nf3 Nc6 3. d4 cxd4 4. Nxd4 e5 5. Nb5 d6 6. N1c3 a6 7. Na3 b5 8. Nd5 Nge7 9. c4 Nd4 10.
cxb5 Nxd5 11. exd5 Qh4 12. Bd3 Be7 13. bxa6 O-O 14.
O-O f5 15. Be3 Bxa6 16. Bxa6 Rxa6 17. Bxd4 exd4 18. Nb5 Bf6 19. Re1 d3 20. Qxd3 Bxb2 21. Rab1 Be5 22. g3 Qa4 23. Nc7 Ra5 24. Ne6 Raa8 25.
Nxf8 Rxf8 26. Rxe5 dxe5 27. Rb2 f4 28. d6 Qd7 29.
Qd5+ Kh8 30. Qxe5 Qc6 31. Rb1 Qc2 32. Re1 fxg3 33. Qxg3 Qd2 34. Re7 Qc1+ 35. Kg2 Qh6 36. d7 Qc6+ 37. Kh3 Qh6+ 38. Kg2 Qc6+ 39. f3 Qc2+ 40.
Kh3 Qf5+ 41. Qg4 Qf6 42. Re6 Qd8 43. Rd6 Rf6 44. Rxf6 gxf6 45. Qe6 Kg7 46. Qe8 Qa5 47. d8=Q Qf5+ 48. Kg2 Qc2+ 49. Kg3 Qc7+ 50. Qxc7+ 1-0

[Event "*** MasterClass Titled Tuesday Blitz"]
[Site "Chess.com"]
[Date "2017.07.04"]
[Round "4"]
[White "Me_ch_an"]
[Black "improve_every_day"]
[Result "1/2-1/2"]
[WhiteElo "2256"]
[BlackElo "1966"]
[TimeControl "180+2"]
[EndTime "13:52:10 PDT"]
[Termination "Game drawn by repetition"]

1. e4 c5 2. Nc3 Nc6 3. g3 g6 4.
Bg2 Bg7 5. d3 d6 6. Nge2 Nf6 7.
h3 O-O 8. O-O Rb8 9. Be3 b5 10.
Qd2 b4 11. Nd1 Ba6 12. f4 Nd7 13. Kh2 c4 14. d4 c3 15. bxc3 Nb6 16. Rf2 Nc4 17.
Qe1 Nxe3 18. Nxe3 bxc3 19. e5 Qb6 20. Nd5 Qb2 21. Qxc3 Qxc3 22. Nexc3 dxe5 23. dxe5 e6 24. Nc7 Bb7 25. N7b5 Nb4 26. a3 Nd5 27. Nxd5 Bxd5 28. Bxd5 Rxb5 29. Bg2 Rc5 30. Rd2 Rfc8 31. Rad1 Bf8 32.
Be4 Rc3 33. Rd8 Rxd8 34. Rxd8 Kg7 35. a4 Bc5 36. Bd3 Bb6 37. Rd7 Ra3 38. Bb5 Ra2 39. Rd2 a6 40. Bc6 a5 41. Bb5 Bc5 42. Kg2 Bb4 43.
Re2 Bc3 44. Kf3 Ra1 45. Ke4 Rd1 46. Bd3 Rg1 47. Kf3 Rf1+ 48. Rf2 Rd1 49. Re2 Rf1+ 50. Rf2 Rd1 51. Re2 Rf1+ 52. Kg2 Rd1 53. Re4 Rd2+ 54.
Re2 Rd1 55. Re4 Rd2+ 56. Re2 Rd1 1/2-1/2

[Event "*** MasterClass Titled Tuesday Blitz"]
[Site "Chess.com"]
[Date "2017.07.04"]
[Round "4"]
[White "ftorodent"]
[Black "Msb2"]
[Result "0-1"]
[WhiteElo "2494"]
[BlackElo "2540"]
[TimeControl "180+2"]
[EndTime "13:52:12 PDT"]
[Termination "Msb2 won by resignation"]

1. d4 Nf6 2. c4 e6 3. Nf3 d5 4.
Nc3 Bb4 5. Qa4+ Nc6 6. e3 O-O 7. Bd2 dxc4 8. Bxc4 Bd6 9. Rd1 e5 10. d5 Ne7 11. e4 Bg4 12. Be2 Ng6 13. h3 Bd7 14. Qc2 Kh8 15. O-O Nh5 16. Rfe1 Ngf4 17. Bf1 Qf6 18. Nh2 Qg6 19. Kh1 f5 20. g3 Nxg3+ 21. fxg3 Qxg3 22. Bxf4 Qxf4 23. Qd2 Qh4 24. Bg2 f4 25. Qd3 Rf6 26. Rf1 Rg6 27. Rf3 Rf8 28.
Nb5 Rg3 29. Nxd6 Bxh3 30. Bxh3 Qxh3 31. Rg1 Rxf3 32. Qxf3 Qxf3+ 33. Nxf3 cxd6 34. Ng5 h6 35. Ne6 Rf7 36. Kg2 g5 37. Rh1 Rh7 38. Kf3 Kg8 39. Rc1 Rf7 40. Kg4 Kh7 41. Kh5 f3 42. Kg4 Kg6 43. Kg3 h5 44. Kf2 g4 45. Nd8 Rf6 46.
Ne6 h4 47. Rh1 g3+ 48. Ke3 f2 0-1

[Event "*** MasterClass Titled Tuesday Blitz"]
[Site "Chess.com"]
[Date "2017.07.04"]
[Round "4"]
[White "PelinGorki"]
[Black "KNVB"]
[Result "0-1"]
[WhiteElo "2321"]
[BlackElo "2476"]
[TimeControl "180+2"]
[EndTime "13:52:19 PDT"]
[Termination "KNVB won by resignation"]

1. e4 c5 2. Nf3 e6 3. d4 cxd4 4. Nxd4 Nc6 5. Nc3 Qc7 6. g3 a6 7.
Bg2 Nf6 8. O-O Nxd4 9. Qxd4 Bc5 10. Qd3 Ng4 11. h3 Ne5 12. Qe2 b5 13. a3 Bb7 14.
Bf4 O-O 15. Rad1 Rac8 16. Kh2 d6 17. Qh5 Rfd8 18. Ne2 Nc4 19. Bc1 Re8 20. Nf4 Ne5 21.
c3 Qe7 22. Qe2 Rcd8 23. Nh5 Nd7 24. Qg4 g6 25. Nf4 Nf6 26. Qe2 Bb6 27. h4 h5 28.
f3 Nd7 29. Nh3 Ne5 30. Ng5 f6 31. Nh3 Kg7 32. Nf4 Qf7 33. Bh3 Bc8 34. Qd2 Nc4 35. Qe2 Bc7 36. b3 Ne5 37. Be3 Bd7 38. Nd3 Nc6 39.
f4 e5 40. f5 Qxb3 41. fxg6 Bxh3 42. Kxh3 Rh8 43. Rf5 Qe6 44. Rf1 Ne7 45. g4 Nxf5 46. gxf5 Qc4 47. Qd2 d5 48. Re1 dxe4 49. Nxe5 Bxe5 50.
Qf2 Rd3 0-1

[Event "*** MasterClass Titled Tuesday Blitz"]
[Site "Chess.com"]
[Date "2017.07.04"]
[Round "4"]
[White "AndrewDGreen"]
[Black "Lord_Neezy"]
[Result "0-1"]
[WhiteElo "2184"]
[BlackElo "2161"]
[TimeControl "180+2"]
[EndTime "13:52:20 PDT"]
[Termination "Lord_Neezy won by resignation"]

1. d4 e6 2. Nf3 Nf6 3. Bf4 b6 4. e3 Bb7 5. Be2 Be7 6. h3 c5 7. c3 a6 8. Nbd2 b5 9. O-O cxd4 10. exd4 O-O 11. Re1 d6 12. Bd3 Nbd7 13. Qe2 Nd5 14.
Bg3 Re8 15. a4 b4 16. c4 N5f6 17. a5 Bc6 18. b3 Qc8 19. Ng5 Nf8 20. Bc2 Qb7 21. f3 h6 22. Nge4 Rad8 23. Nxf6+ Bxf6 24. Bf2 d5 25. c5 Bb5 26. Bd3 Bxd3 27. Qxd3 e5 28.
dxe5 Bxe5 29. Bd4 Bxd4+ 30. Qxd4 Ne6 31. Qf2 Rc8 32. Rac1 Qb5 33. Re5 Red8 34. Nf1 Nxc5 35. Rd1 Nd3 36. Qd4 Nxe5 37. Qxe5 Qxa5 38. Ne3 Qc5 39.
Kh1 Re8 40. Qxd5 Qxe3 41. Qd7 Rc2 42. Qg4 Qe6 43. Qg3 Qxb3 44. Rg1 Rb2 45. Qg4 Rb1 46. f4 Rxg1+ 47. Kxg1 Qb1+ 48. Kh2 Qe4 49. Qg3 a5 50. f5 Qxf5 0-1

[Event "*** MasterClass Titled Tuesday Blitz"]
[Site "Chess.com"]
[Date "2017.07.04"]
[Round "4"]
[White "Alexander_Donchenko"]
[Black "MITerryble"]
[Result "0-1"]
[WhiteElo "2574"]
[BlackElo "2645"]
[TimeControl "180+2"]
[EndTime "13:52:25 PDT"]
[Termination "MITerryble won on time"]

1. d4 e6 2. c4 Bb4+ 3. Nd2 Nf6 4. Nf3 O-O 5. a3 Be7 6. e4 d6 7. Bd3 Nbd7 8. O-O c5 9. b4 cxd4 10. Nxd4 a6 11. Bb2 Qc7 12. Rc1 b6 13. Re1 g6 14. N2b3 Bb7 15. f3 Nh5 16. Bf1 Rfe8 17. Qd2 Rac8 18. g4 Nhf6 19. Qf2 Qb8 20. h3 Ne5 21.
Nd2 g5 22. f4 gxf4 23. Qxf4 Nfd7 24. Qg3 Rc7 25. Be2 Qd8 26. Rf1 Bh4 27. Qg2 Bg5 28. Rcd1 h6 29. Kh1 Qe7 30. N4f3 Bf6 31. Nxe5 Bxe5 32. Bxe5 Nxe5 33. Kh2 Qg5 34. Qg3 Rd8 35.
h4 Qg7 36. Rf2 b5 37. cxb5 Rc3 38. Qf4 axb5 39. Rg1 Ng6 40. Qf6 Qxf6 41. Rxf6 Rc2 42. Rd1 Kg7 43. Rf2 d5 0-1

[Event "*** MasterClass Titled Tuesday Blitz"]
[Site "Chess.com"]
[Date "2017.07.04"]
[Round "4"]
[White "TeukkaSalama"]
[Black "blitzcopter"]
[Result "1/2-1/2"]
[WhiteElo "2064"]
[BlackElo "2029"]
[TimeControl "180+2"]
[EndTime "13:52:28 PDT"]
[Termination "Game drawn by repetition"]

1. Nf3 Nf6 2. c4 e6 3. g3 b6 4. Bg2 Bb7 5. O-O c5 6. Nc3 Be7 7. d4 cxd4 8. Qxd4 d6 9. Rd1 a6 10. Bg5 Nbd7 11. Bxf6 Nxf6 12. Nd2 Bxg2 13. Kxg2 Qc7 14.
Nde4 Qc6 15. f3 Rd8 16. Rac1 O-O 17. b3 Rd7 18. Nxf6+ Bxf6 19. Qe4 Qc7 20. Qe3 Bxc3 21. Rxc3 Rc8 22. Rcd3 Rcd8 23. Qf4 h6 24. e4 Qc6 25. Qe3 Kf8 26. R1d2 Ke7 27. Qd4 f6 28. Qe3 Qc5 29. Qf4 Qc6 30. Qg4 Kf7 31. h4 g6 32. h5 g5 33. Qh3 b5 34. cxb5 axb5 35. Qh1 Qc5 36. Qd1 d5 37. exd5 Rxd5 38. Rxd5 Rxd5 39. Rxd5 exd5 40.
Qd3 Ke7 41. Kh3 Qc8+ 42. g4 Qc5 43. Kg2 Qa3 44. Qe2+ Kf7 45. Qc2 d4 46. Qc7+ Ke6 47. Qc6+ Ke7 48. Qe4+ Kf7 49. Qg6+ Ke6 50. Qf5+ Kf7 51.
Qh7+ Ke6 52. Qg8+ Ke7 53. Qg7+ Ke6 54. Qg8+ Ke7 55. Qh7+ Ke6 56. Qe4+ Kf7 57. Qb7+ Ke6 58. Qc6+ Kf7 59. Qd5+ Ke7 60. Qe4+ Kf7 61. Qh7+ Ke6 1/2-1/2

[Event "*** MasterClass Titled Tuesday Blitz"]
[Site "Chess.com"]
[Date "2017.07.04"]
[Round "4"]
[White "aquiles88"]
[Black "abubakrtagelsir"]
[Result "0-1"]
[WhiteElo "2038"]
[BlackElo "2165"]
[TimeControl "180+2"]
[EndTime "13:52:30 PDT"]
[Termination "abubakrtagelsir won by resignation"]

1. g3 d5 2. Bg2 c6 3. Nf3 Bg4 4. O-O e6 5. d3 Nd7 6. e4 Bd6 7. Nbd2 Ne7 8. h3 Bh5 9. Re1 O-O 10.
c3 Rc8 11. d4 Bb8 12. g4 Bg6 13. Nh4 dxe4 14. Nxe4 Bxe4 15. Rxe4 Ng6 16. Nxg6 hxg6 17. f4 Nf6 18. Re1 Nd5 19. Qf3 Qh4 20. Rf1 b5 21. Bd2 a6 22. Rae1 Qd8 23. Qf2 Nb6 24.
Be4 Nc4 25. Bc1 Nd6 26. Bf3 Ba7 27. Rd1 Qe7 28. Rfe1 c5 29. d5 c4 30. Be3 Bxe3 31.
Qxe3 Rfe8 32. dxe6 fxe6 33. Qe5 Nf7 34. Qe4 Qh4 35. Bg2 g5 36. fxg5 Nxg5 37. Qe3 Rf8 38.
Rf1 Rxf1+ 39. Rxf1 Rd8 40. Qf2 Nxh3+ 41. Bxh3 Qxh3 42.
Qf7+ Kh7 43. Qxe6 Qg3+ 44. Kh1 Rd6 45. Qf5+ Rg6 46. Rf3 Qh4+ 47. Kg2 Qxg4+ 48. Qxg4 Rxg4+ 0-1

[Event "*** MasterClass Titled Tuesday Blitz"]
[Site "Chess.com"]
[Date "2017.07.04"]
[Round "4"]
[White "Jospem"]
[Black "BilodeauA"]
[Result "0-1"]
[WhiteElo "2601"]
[BlackElo "2615"]
[TimeControl "180+2"]
[EndTime "13:52:32 PDT"]
[Termination "BilodeauA won by resignation"]

1. e4 c5 2. Nf3 d6 3. d4 cxd4 4. Nxd4 Nf6 5. Nc3 Nc6 6. Bg5 e6 7. Qd2 a6 8. O-O-O Bd7 9. f4 b5 10. Bxf6 gxf6 11. Nxc6 Bxc6 12. Bd3 Qb6 13. Kb1 Qc5 14.
Qe1 Be7 15. f5 Rg8 16. Ne2 e5 17. Ng3 Bd8 18. Qd2 Rg5 19. Nf1 Bb6 20. h4 Rg8 21. Qh6 Ke7 22. Rh2 a5 23. g3 a4 24. Qd2 Ba5 25.
c3 b4 26. cxb4 Bxb4 27. Qe2 Rab8 28. Rc1 Qb6 29. Ne3 Rxg3 30. Rxc6 Qxc6 31. Nd5+ Kf8 32. Rh1 Ba3 33. Rc1 Qxc1+ 34. Kxc1 Rxb2 35. Bc2 Rxa2+ 36.
Kd2 Rb3 37. Qh5 Rbb2 38. Qh6+ Ke8 39. Nxf6+ Ke7 40. Nd5+ Kd7 41. Qf8 Rxc2+ 42. Ke3 Bc5+ 43.
Kf3 h5 44. Qxf7+ Kc6 45. Qe8+ Kb7 46. Qd7+ Ka6 47. Qc8+ Ka5 48. Qa8+ Kb5 49. Qb7+ Kc4 50. Qa6+ Kd4 51. Ne3 Rf2+ 52. Kg3 Kxe3 53. Qf1 Rxf1 0-1

[Event "*** MasterClass Titled Tuesday Blitz"]
[Site "Chess.com"]
[Date "2017.07.04"]
[Round "4"]
[White "Hikaru"]
[Black "yurisolo"]
[Result "1/2-1/2"]
[WhiteElo "2973"]
[BlackElo "2557"]
[TimeControl "180+2"]
[EndTime "13:52:34 PDT"]
[Termination "Game drawn by agreement"]

1. Nf3 c5 2. e3 Nf6 3. b3 g6 4. Bb2 Bg7 5. Be2 O-O 6. O-O b6 7. d4 Bb7 8. c4 cxd4 9. Nxd4 d5 10. Nd2 Nc6 11. Rc1 Rc8 12. Bf3 Ne5 13. Be2 Nc6 14. cxd5 Nxd4 15. Bxd4 Qxd5 16. Bf3 Qd7 17. Nc4 Bxf3 18. Qxf3 Qg4 19. Ne5 Qxf3 20. gxf3 Nd5 21. Nc6 Bxd4 22. Nxd4 Nc3 23. Rc2 e5 24. Ne2 Nxe2+ 25.
Rxe2 Rfd8 26. Rb1 b5 27. Rbb2 Kf8 28. Rec2 Ke7 29. Kf1 a5 30. Ke2 Ke6 31. e4 f5 32.
Ke3 f4+ 33. Ke2 g5 34. Rd2 Rxd2+ 35. Rxd2 h5 36. Kf1 Rc1+ 37. Kg2 Ra1 38. Rd5 Rxa2 39.
Rxb5 Kf6 40. Rb6+ Kf7 41. Rb5 Kf6 42. Rb6+ Kf7 43. Rh6 Ra3 44. Rxh5 Kg6 45. Rh8 Rxb3 46. Ra8 Ra3 47. Ra6+ Kf7 48. Rb6 Ra1 49. Ra6 Ra2 50.
Kh3 Rxf2 51. Kg4 Rg2+ 52. Kf5 g4 53. Ra7+ Ke8 54. fxg4 f3 55. Ke6 Kd8 56. Rxa5 f2 57. Ra8+ Kc7 58. Rf8 Rxg4 59. Kxe5 Rg2 60. h4 Rh2 61.
Kd5 Kd7 62. e5 Ke7 63. Rf3 Rxh4 64. Rxf2 Rh1 65. Rd2 Re1 66. Rd4 Ra1 67. Rb4 Ra5+ 68. Ke4 Ra1 69. Rb6 Re1+ 70. Kd5 Rd1+ 71. Kc4 Rc1+ 72.
Kd3 Re1 73. Kd4 Rd1+ 74. Ke4 Re1+ 1/2-1/2

[Event "*** MasterClass Titled Tuesday Blitz"]
[Site "Chess.com"]
[Date "2017.07.04"]
[Round "4"]
[White "DanielNaroditsky"]
[Black "Blitzstream"]
[Result "1-0"]
[WhiteElo "2722"]
[BlackElo "2446"]
[TimeControl "180+2"]
[EndTime "13:52:44 PDT"]
[Termination "DanielNaroditsky won by checkmate"]

1. e4 e5 2. Nf3 Nf6 3. Nxe5 d5 4. exd5 Qxd5 5. Nf3 Bg4 6. Be2 Bd6 7. Nc3 Qa5 8. O-O Nc6 9. h3 h5 10. d4 O-O-O 11.
Be3 Qf5 12. d5 Bxh3 13. dxc6 Bxg2 14. cxb7+ Kb8 15. Qd4 Bh2+ 16. Kxg2 Rxd4 17. Nxd4 Qg6+ 18. Kxh2 Ng4+ 19. Kh1 Qf6 20. Nf3 Re8 21. Rad1 g5 22. Bxg5 Qf5 23. Rd5 Qxc2 24. Rd2 Qf5 25. Rd5 Qc2 26. Bd2 Qxb2 27. Bd3 h4 28. Kg2 h3+ 29. Kxh3 Nf6 30. Rb5 Qa3 31. Rg5 Qd6 32. Bf5 Rh8+ 33. Kg2 Nh5 34. Rh1 Nf4+ 35. Bxf4 Qxf4 36. Rxh8+ Kxb7 37. Be4+ c6 38. Rg7 Ka6 39. Rhh7 f5 40. Rxa7+ Kb6 41. Na4+ Kb5 42. Bd3+ Kb4 43. Rhb7+ Ka3 44. Nc3+ Qa4 45. Rb2 Kxb2 46. Nxa4+ Ka1 47. Nd2 f4 48.
Rb7 f3+ 49. Kxf3 c5 50. Nc3 c4 51. Rb1# 1-0

[Event "*** MasterClass Titled Tuesday Blitz"]
[Site "Chess.com"]
[Date "2017.07.04"]
[Round "4"]
[White "dretch"]
[Black "DanielRensch"]
[Result "0-1"]
[WhiteElo "2505"]
[BlackElo "2410"]
[TimeControl "180+2"]
[EndTime "13:53:19 PDT"]
[Termination "DanielRensch won by resignation"]

1. d4 Nf6 2. c4 e6 3. Nc3 Bb4 4. Qc2 O-O 5. a3 Bxc3+ 6. Qxc3 b5 7. cxb5 c6 8. Bg5 cxb5 9. e3 Bb7 10. Nf3 a6 11. Bd3 d6 12. O-O Nbd7 13. Rfc1 Rc8 14. Qb4 Qb6 15. Nd2 Nd5 16. Qb3 Qa7 17. Rxc8 Rxc8 18.
Qd1 Qa8 19. Qh5 Nf8 20. e4 Nb6 21. Be7 Nc4 22. Bxf8 Rxf8 23. Nxc4 bxc4 24. Bxc4 Bxe4 25. Bf1 Rc8 26. b4 Bd5 27. Qg5 h6 28. Qf4 Qc6 29.
Re1 Qc3 30. Qe3 Bb7 31. b5 axb5 32. Bxb5 Qa5 33. a4 Rc3 34. Qd2 Qc7 35. h3 Rc2 36. Qf4 Bd5 37. Bd3 Ra2 38. Rc1 Qd8 39. Ba6 Qg5 40.
Qxg5 hxg5 41. Bb5 f5 42. f3 g4 43. hxg4 fxg4 44. fxg4 Rxg2+ 45. Kf1 Rxg4 46. Rd1 Rh4 47. Kf2 Rh2+ 48. Ke3 Ra2 49. Rc1 Kf7 50. Rc7+ Kf6 51. Rd7 g5 52. Rxd6 Ra3+ 53. Ke2 g4 54. Rd8 g3 55. Rg8 g2 56. Kf2 Ra2+ 57. Ke3 Ra1 58. Kf2 Be4 59. Rg4 Kf5 60. Rg8 Ra2+ 61. Ke3 Ra3+ 62.
Kf2 Kf4 63. Rf8+ Kg5 64. Rg8+ Kf4 65. Rf8+ Kg5 66. Rg8+ Kf6 67. Rg4 Ra2+ 68. Kg1 Bd5 69. Rg8 Kf5 70. Rg7 Kf4 71. Rg8 Ke3 72. Rg3+ Kxd4 73.
Bd7 Ra1+ 74. Kf2 Rf1+ 75. Ke2 g1=Q 0-1

[Event "*** MasterClass Titled Tuesday Blitz"]
[Site "Chess.com"]
[Date "2017.07.04"]
[Round "4"]
[White "Godzillator"]
[Black "Rokis13"]
[Result "1/2-1/2"]
[WhiteElo "2269"]
[BlackElo "2345"]
[TimeControl "180+2"]
[EndTime "13:53:30 PDT"]
[Termination "Game drawn by agreement"]

1. d4 Nf6 2. c4 e6 3. Nc3 Bb4 4.
Qc2 O-O 5. a3 Bxc3+ 6. Qxc3 Qe7 7. Bg5 d6 8. e3 e5 9. dxe5 dxe5 10. Nf3 Re8 11. Be2 Nc6 12. Qc2 h6 13. Bh4 Bg4 14. O-O Rad8 15. Rfd1 Bh5 16. b4 Qe6 17. Qb2 Rxd1+ 18.
Rxd1 Bg6 19. h3 a5 20. b5 Nb8 21. Qc3 b6 22. c5 Nbd7 23. cxb6 cxb6 24. Bc4 Qe7 25. Bg3 Bh5 26. Bd5 e4 27. Bd6 Qd8 28. Bc6 exf3 29. g4 Bg6 30. Be5 Qe7 31. Bxf6 Nxf6 32.
Bxe8 Qxe8 33. a4 Kh7 34. Qd4 Qe6 35. Rc1 Be4 36. Kf1 h5 37. Ke1 hxg4 38. hxg4 Qxg4 39. Kd2 Qd7 40. Qxd7 Nxd7 41. Rc6 Bxc6 42. bxc6 Ne5 43. c7 Nc4+ 44. Kd3 Nd6 45. Kd4 b5 46. Kd5 Nc8 47.
axb5 a4 48. Kc6 a3 49. b6 a2 50. b7 Na7+ 51. Kd7 a1=Q 52. b8=Q Qd1+ 53. Ke8 Qa4+ 54.
Kxf7 Qd7+ 55. Kf8 Qd6+ 56. Kf7 Qf6+ 57. Ke8 Qe5+ 58. Kf7 Qf5+ 59. Ke8 Nc6 60. c8=Q Qe4+ 61. Kd7 Nxb8+ 62. Qxb8 Qd5+ 63. Ke7 Qg5+ 64. Kd7 Qh5 65. Qg3 Kh6 66. Ke6 g6 67. Kf6 Qf5+ 68. Ke7 Kh5 69. Qh2+ Kg5 70. Qg3+ 1/2-1/2

[Event "*** MasterClass Titled Tuesday Blitz"]
[Site "Chess.com"]
[Date "2017.07.04"]
[Round "4"]
[White "rasmussvane"]
[Black "aspired"]
[Result "1-0"]
[WhiteElo "2523"]
[BlackElo "2519"]
[TimeControl "180+2"]
[EndTime "13:53:52 PDT"]
[Termination "rasmussvane won by resignation"]

1. d4 e6 2. c4 f5 3. Nf3 Nf6 4. Bf4 b6 5. e3 Bb7 6. Be2 Bb4+ 7. Nbd2 Ne4 8. O-O O-O 9. Nxe4 fxe4 10.
Nd2 Bxd2 11. Qxd2 d6 12. Bg4 Qe7 13. d5 e5 14. Bg3 Nd7 15. Qc2 Nf6 16. Bf5 Bc8 17.
Bxc8 Raxc8 18. Bh4 Kh8 19. Bxf6 gxf6 20. Qxe4 f5 21.
Qd3 Rf6 22. f4 e4 23. Qc3 Rg8 24. Rf2 h5 25. Kh1 h4 26. b4 Kh7 27. Rc1 Rfg6 28. c5 R8g7 29. cxb6 cxb6 30. Rfc2 Qf7 31. Qd4 Qg8 32. Rg1 Qe8 33. Rc6 Qg8 34. Qd2 Qd8 35. Qf2 Rh6 36. Rgc1 Qe7 37. a4 Qf6 38. a5 bxa5 39.
bxa5 Qf7 40. Qd2 Rhg6 41. Qf2 Qe7 42. a6 Rxg2 43. Qxg2 Rxg2 44. Rc7 Rg7 45. Rxe7 Rxe7 46. Rb1 Rg7 47. Rb7 Kh6 48. h3 Kg6 49. Kg2 Kf6+ 50.
Kf2 Kg6 51. Ke2 Kf6 52. Kd2 Rg3 53. Rxa7 Rxh3 54. Rh7 Rh2+ 55. Kc3 Ra2 56. a7 h3 57. Kb3 Ra1 58. Kb2 Ra5 59. Rxh3 Rxa7 60. Rh6+ Kg7 61.
Rxd6 Ra5 62. Kc3 Ra3+ 63. Kd4 Rd3+ 64. Ke5 Rxe3 65. Kxf5 Re1 66. Re6 e3 67. Re5 e2 68.
Ke6 Kf8 69. d6 Ke8 70. d7+ Kd8 71. Rc5 Rc1 72. Rxc1 e1=Q+ 73. Rxe1 1-0

[Event "*** MasterClass Titled Tuesday Blitz"]
[Site "Chess.com"]
[Date "2017.07.04"]
[Round "4"]
[White "dalmatinac101"]
[Black "Hrant_ChessMood"]
[Result "1-0"]
[WhiteElo "2612"]
[BlackElo "2744"]
[TimeControl "180+2"]
[EndTime "13:55:09 PDT"]
[Termination "dalmatinac101 won on time"]

1. e4 c6 2. d4 d5 3. Nc3 dxe4 4.
Nxe4 Bf5 5. Ng3 Bg6 6. h4 h6 7. Nf3 e6 8. Ne5 Bh7 9. Bd3 Bxd3 10. Qxd3 Nd7 11. Qe2 Ngf6 12. Bd2 Qc7 13. O-O-O Nxe5 14.
dxe5 Nd7 15. f4 O-O-O 16. Ne4 Be7 17. h5 Nc5 18. Nxc5 Bxc5 19. Kb1 Rd5 20. c4 Rd7 21. Bc1 Rhd8 22. g4 Bd4 23. Qe4 c5 24. Rhe1 b6 25.
Qa8+ Qb8 26. Qxb8+ Kxb8 27. Kc2 Kc7 28. b3 Kc6 29.
Re2 a6 30. g5 Rh8 31. Rh1 b5 32. Rh3 Rb7 33. Rg3 bxc4 34. bxc4 Rb4 35. Ba3 Rxc4+ 36.
Kd1 Rd8 37. Rd2 Rb8 38. g6 Rb7 39. Rc2 Ra4 40. Bc1 f5 41. exf6 Bxf6 42. Re3 Rd7+ 43. Ke2 Rd6 44. Rb3 Rd5 45. Re3 Kd7 46. Rd3 Bd4 47. Be3 Bxe3 48. Kxe3 Kc6 49. Rxd5 exd5 50. f5 Re4+ 51. Kf3 Kd6 52. f6 gxf6 53. Rg2 Re8 54.
Kf4 c4 55. Kf5 c3 56. g7 Rg8 57. Kxf6 d4 58. Rc2 Kd5 59. Kf7 Ra8 60. Re2 Kc5 61. Re8 Rxe8 62. Kxe8 c2 63. g8=Q c1=Q 64. Kd7 Qf4 65.
Qc8+ Kb4 66. Qxa6 Qf5+ 67. Ke7 Qg5+ 68. Kd7 Qxh5 69. a3+ Kc3 70. Qc6+ Kd3 71. a4 Qf5+ 72. Kd8 Qa5+ 73. Ke7 Qb4+ 74. Ke8 Kd2 75. Qxh6+ Kc3 76. Qc6+ 1-0

[Event "*** MasterClass Titled Tuesday Blitz"]
[Site "Chess.com"]
[Date "2017.07.04"]
[Round "4"]
[White "gena217"]
[Black "SergeiAza"]
[Result "0-1"]
[WhiteElo "2423"]
[BlackElo "2716"]
[TimeControl "180+2"]
[EndTime "13:57:51 PDT"]
[Termination "SergeiAza won by resignation"]

1. e4 c5 2. Nf3 Nc6 3. Bb5 e6 4. O-O Nge7 5. Re1 Nd4 6. Nxd4 cxd4 7. c3 a6 8. Bf1 Nc6 9. d3 Bc5 10. Nd2 O-O 11. Nb3 Ba7 12. cxd4 Nxd4 13. Be3 Nxb3 14.
Qxb3 Bxe3 15. Rxe3 e5 16. d4 exd4 17. Rd3 d6 18.
Rxd4 Be6 19. Qxb7 Rb8 20. Qxa6 Rxb2 21. Rad1 Rxa2 22. Qxd6 Qxd6 23. Rxd6 g5 24. R6d2 Rfa8 25. f3 Kg7 26. Kf2 Bb3 27. Kg3 Bxd1 28. Rxd1 Ra1 29. Rxa1 Rxa1 30. Bc4 Rc1 31. Bd5 Rc2 32. h4 gxh4+ 33.
Kh3 Rf2 34. e5 Kg6 35. e6 fxe6 36. Bxe6 Kg5 37. Bd5 Kf4 38. Be4 Rf1 39. Kh2 h6 40. Ba8 Rf2 41. Be4 Re2 42. Bc6 Re1 43. Be4 Ke3 44. Ba8 Kf2 45. f4 Ra1 46. Bf3 Ra4 47.
f5 Rf4 48. Kh3 Ke3 49. f6 Rxf6 50. Kxh4 Kf4 51. Kh5 Rd6 52. Ba8 Kf5 53. Bf3 Kf4 54. Ba8 Rb6 55. Bf3 Rd6 56. Ba8 Kf5 57. Bf3 Rb6 58. Ba8 Rb8 59. Bf3 Rh8 60. Bb7 Kf6 61.
Bf3 Kg7 62. Be4 Re8 63. Bf3 Re5+ 64. Kg4 Kg6 65. Kf4 Rf5+ 66. Kg4 Rc5 67. Kf4 Rc4+ 68. Kg3 Kg5 69. Kh3 h5 70. Kg3 Rc1 71. Kh2 Kh4 72. g3+ Kg5 73. Kh3 Rc3 74. Kg2 Rb3 75. Kf2 Rb2+ 76. Ke3 Ra2 77. Be2 Ra3+ 78. Kf2 Ra5 79.
Ke3 Kf6 80. Bf3 Ra3+ 81. Kf2 Kg5 82. Ke2 Rc3 83. Kf2 Rc2+ 84. Ke3 Rh2 85. Be2 Kf5 86. Bf3 Kg5 87. Be2 Rg2 88. Kf3 Rg1 89. Kf2 Ra1 90. Bf3 Ra2+ 91. Ke3 Ra5 92. Kf2 Kf6 93. Ke3 Ra3+ 94.
Kf2 Kg5 95. Ke2 Rc3 96. Kf2 Rc2+ 97. Ke3 Rc1 98. Kf2 Ra1 99. Ke3 Ra3+ 100. Kf2 h4 101. gxh4+ Kf4 102. Be2 Rh3 103. h5 Rh2+ 104. Kf1 Kg3 105. Ke1 Kf4 106. Kd2 Ke4 107. h6 Rxh6 108. Kc3 Rc6+ 109. Kb2 Ke3 110. Bd1 Kd2 111. Bb3 Rb6 112. Ka2 Kc3 113. Bg8 Rb2+ 114. Ka1 Kc2 115. Bh7+ Kc1 116. Bg6 Rb6 117. Bf7 Rb5 118. Bg8 Kc2 119. Bh7+ Kb3 120. Bg8+ Ka3 121.
Bh7 Rg5 122. Be4 Rg4 123. Bf5 Rf4 124. Bg6 Rf1+ 125. Bb1 Rf2 126. Be4 Ra2+ 127. Kb1 Re2 128. Bc2 Re1+ 0-1